Map: Turbo Cruise '84 LE

Players

hannibal - Winner!

  • Race: Zerg Zerg
  • League: Platinum
  • Spawn Location: 3:00

pHARM

  • Race: Zerg Zerg
  • League: Platinum
  • Spawn Location: 7:00

VOD

Have the link to the VOD?

Description

Time

  • Played on: Aug. 3, 2019, 4:02 a.m.
  • Length: 10:09
Show
View Real Time Build Order
Export as new Build Order

hannibal Zerg - Winner!

Build Orders: Hatch First 

Get SALT Encoding   

  12  0:00  Drone  
  13  0:13  Overlord  
  13  0:17  Drone  
  14  0:31  Drone x2  
  16  0:50  Hatchery  
  16  0:52  Drone  
  16  0:56  Drone  
  17  1:00  Drone  
  18  1:08  Extractor  
  17  1:16  Spawning Pool  
  16  1:20  Drone  
  16  1:22  Drone  
  18  1:29  Drone  
  19  1:41  Drone  
  20  1:54  Overlord  
  20  2:04  Queen x2  
  20  2:06  Drone  
  20  2:07  Drone  
  26  2:12  Drone  
  26  2:13  Metabolic Boost  
  27  2:17  Drone  
  29  2:22  Drone  
  29  2:24  Drone  
  30  2:42  Hatchery  
  29  2:50  Drone  
  30  2:53  Overlord  
  30  3:00  Queen  
  30  3:01  Drone  
  33  3:07  Baneling Nest  
  33  3:12  Drone x3  
  35  3:13  Drone  
  35  3:14  Drone  
  35  3:17  Drone  
  38  3:22  Overlord  
  38  3:25  Drone  
  39  3:33  Zergling x4  
  39  3:34  Zergling x4  
  43  3:42  Drone x2  
  45  3:49  Evolution Chamber  
  45  3:54  Baneling  
  45  3:55  Baneling x2  
  44  3:56  Baneling x3  
  44  4:03  Drone x5  
  44  4:04  Drone  
  44  4:05  Lair  
  44  4:09  Drone x3, Extractor  
  52  4:11  Drone, Extractor  
  51  4:39  Roach Warren  
  51  4:42  Drone x2  
  51  4:43  Drone x3  
  55  4:48  Zerg Missile Weapons Level 1  
  55  5:03  Overlord x3  
  55  5:08  Drone x2  
  55  5:10  Extractor  
  56  5:20  Glial Reconstitution  
  56  5:29  Queen x2  
  56  5:30  Queen  
  56  5:31  Overlord  
  56  5:32  Overlord  
  56  5:34  Roach  
  64  5:36  Spore Crawler  
  64  5:37  Spore Crawler  
  64  5:39  Drone x2, Spore Crawler  
  64  5:40  Drone x8  
  75  5:42  Roach  
  75  5:43  Roach x2, Extractor  
  76  5:53  Drone x3  
  76  5:55  Evolution Chamber, Overlord  
  76  5:56  Overlord x2  
  78  6:03  Roach x3  
  84  6:14  Roach x2  
  84  6:17  Roach x2  
  92  6:26  Spine Crawler  
  91  6:33  Roach x5  
  91  6:36  Zerg Ground Armor Level 1  
  91  6:39  Drone x2  
  103  6:45  Drone x2  
  105  6:57  Drone x4  
  105  7:00  Extractor  
  108  7:03  Hydralisk Den  
  107  7:10  Zerg Missile Weapons Level 2  
  107  7:12  Overlord x3  
  107  7:24  Roach  
  107  7:25  Roach x6  
  107  7:27  Overlord x3  
  121  7:30  Extractor  
  121  7:31  Hatchery  
  119  7:46  Hydralisk  
  119  7:47  Hydralisk x6  
  133  7:51  Muscular Augments  
  119  8:14  Roach  
  119  8:15  Roach x8  
  135  8:20  Drone  
  135  8:21  Drone x8  
  140  8:37  Roach x4  
  141  8:49  Drone  
  142  8:56  Queen  
  142  9:01  Hydralisk  
  142  9:02  Hydralisk x10  
  166  9:17  Drone x2  
  164  9:27  Hydralisk  
  164  9:28  Hydralisk x6  
  166  9:32  Queen  
  168  9:44  Hydralisk  
  168  9:45  Hydralisk x3  
  174  10:06  Extractor  
Show
View Real Time Build Order
Export as new Build Order

pHARM Zerg 

Build Orders: Hatch First 

Get SALT Encoding   

  12  0:01  Drone  
  13  0:12  Overlord  
  13  0:17  Drone  
  14  0:31  Drone x2  
  14  0:34  Drone  
  17  0:53  Hatchery  
  16  0:59  Drone x2  
  18  1:14  Spawning Pool  
  18  1:16  Drone  
  18  1:19  Drone  
  19  2:00  Overlord  
  19  2:03  Drone x2  
  19  2:06  Queen x2  
  25  2:13  Drone  
  26  2:16  Drone  
  27  2:30  Extractor  
  26  2:51  Queen  
  28  2:58  Drone  
  28  2:59  Drone x5  
  34  3:22  Drone x2  
  34  3:23  Overlord  
  34  3:24  Overlord x3  
  36  3:41  Evolution Chamber  
  35  3:49  Roach Warren  
  34  3:58  Evolution Chamber  
  34  4:01  Drone x9  
  42  4:17  Drone x2  
  42  4:21  Extractor  
  42  4:23  Extractor  
  42  4:29  Lair  
  42  4:36  Drone x9  
  51  4:56  Drone x2  
  51  4:59  Zerg Missile Weapons Level 1  
  53  5:08  Drone  
  53  5:09  Drone  
  55  5:16  Roach  
  55  5:17  Roach x5  
  67  5:21  Overlord x2  
  67  5:33  Hatchery  
  66  5:48  Roach  
  66  5:49  Roach x6  
  80  5:56  Glial Reconstitution  
  80  5:59  Overlord  
  80  6:19  Overlord x2  
  80  6:20  Roach  
  80  6:21  Roach  
  84  6:31  Extractor  
  83  6:38  Overlord x2  
  83  6:48  Roach  
  83  6:49  Roach x6  
  97  7:01  Zerg Missile Weapons Level 2, Zerg Ground Armor Level 1  
  97  7:08  Drone x3  
  100  7:33  Hydralisk Den  
  99  7:37  Drone  
  99  7:38  Infestation Pit, Drone x9  
  102  8:06  Roach  
  102  8:07  Roach x6  
  80  8:55  Roach  
  80  8:56  Roach x12  
  80  9:01  Overlord x2  
  104  9:11  Overlord x2  
  104  9:12  Extractor  
  104  9:13  Extractor  
  96  9:27  Roach x6  
  96  9:31  Roach x4  
  96  9:37  Roach x2  
  83  9:50  Roach x3  
  87  10:00  Hatchery  
  84  10:08  Hatchery  
Tags
 
Add a new tag
Caveats
  • Supply blocks, unpowered buildings, or Contaminate may cause inaccurate times.
  • Supply counts are checked every 10 seconds.